[Event "Early-Titled-Tuesday-Blitz-February-13-2024"]
[Site "Chess.com"]
[Date "2024.02.13"]
[Round "9"]
[White "AryanTari"]
[Black "eagleclaw07"]
[Result "1-0"]
[WhiteElo "2938"]
[BlackElo "2811"]
[TimeControl "180+1"]
[EndTime "9:47:12 PST"]
[Termination "AryanTari won on time"]

1. e4 Nf6 2. d3 e5 3. Nf3 Nc6 4. g3 g6 5. Bg2 Bg7 6. O-O O-O 7. c3 d5 8. Nbd2 h6 9. a4 a5 10.
Qc2 Be6 11. b3 Qd7 12. Ba3 Rfe8 13. Rad1 Rad8 14. Rfe1 b6 15. b4 Bf8 16. Qb2 Qe7 17.
Ra1 axb4 18. cxb4 Nxb4 19. Nxe5 c5 20. Bxb4 cxb4 21. Nc6 Qd6 22. Nxd8 Qxd8 23. e5 Nd7 24. d4 Kh7 25. Nf1 f6 26. Ne3 fxe5 27. dxe5 Nc5 28. Rad1 Nxa4 29. Qd4 Nc3 30. Nxd5 Bxd5 31. Bxd5 Bc5 32.
Bg8+ Rxg8 33. Qxd8 1-0

[Event "Early-Titled-Tuesday-Blitz-February-13-2024"]
[Site "Chess.com"]
[Date "2024.02.13"]
[Round "9"]
[White "Rozhkov_V"]
[Black "kleopl"]
[Result "0-1"]
[WhiteElo "2401"]
[BlackElo "2536"]
[TimeControl "180+1"]
[EndTime "9:47:12 PST"]
[Termination "kleopl won by resignation"]

1. e4 c5 2. Nf3 d6 3. d4 cxd4 4. Nxd4 Nf6 5. Nc3 a6 6. h3 e5 7.
Nf3 Be7 8. g4 h6 9. Rg1 b5 10. g5 hxg5 11. Nxg5 Nbd7 12. Be3 Nb6 13. a4 b4 14. a5 Nbd7 15. Bc4 Rf8 16. Nd5 Bb7 17.
Nxe7 Qxe7 18. Qf3 O-O-O 19. O-O-O Kb8 20. Qe2 Nxe4 21. Nxe4 Bxe4 22. Bxa6 Nf6 23. Bb6 Rc8 24. Bxc8 Rxc8 25. Rd2 b3 26. Qb5 Bxc2 27. Rxc2 Rxc2+ 28. Kb1 Qb7 29. Rxg7 Qh1+ 0-1

[Event "Early-Titled-Tuesday-Blitz-February-13-2024"]
[Site "Chess.com"]
[Date "2024.02.13"]
[Round "9"]
[White "Viktor_Poddubnyi"]
[Black "AsaHoffmann"]
[Result "0-1"]
[WhiteElo "2269"]
[BlackElo "2425"]
[TimeControl "180+1"]
[EndTime "9:47:17 PST"]
[Termination "AsaHoffmann won on time"]

1. e4 d6 2. d4 Nf6 3. Nc3 c6 4.
a4 Qa5 5. Bd3 e5 6. Ne2 Be7 7. O-O O-O 8. b4 Qc7 9. Bb2 Nbd7 10. h3 Re8 11. f4 Bf8 12. b5 c5 13.
dxe5 dxe5 14. Nd5 Nxd5 15. exd5 e4 16. Bc4 Nb6 17. Ba2 c4 18. Nc3 Bf5 19. Qe2 Rad8 20.
Rad1 Qc5+ 21. Kh1 Rc8 22. g4 Bd7 23. Nxe4 Qb4 24. Ba1 Qxa4 0-1

[Event "Early-Titled-Tuesday-Blitz-February-13-2024"]
[Site "Chess.com"]
[Date "2024.02.13"]
[Round "9"]
[White "Louis-Paulsen-Fan"]
[Black "Ariadna_Atreides"]
[Result "1-0"]
[WhiteElo "2269"]
[BlackElo "2146"]
[TimeControl "180+1"]
[EndTime "9:47:18 PST"]
[Termination "Louis-Paulsen-Fan won on time"]

1. d4 Nf6 2. Nf3 e6 3. c4 c5 4. d5 exd5 5. cxd5 d6 6. Nc3 g6 7. e4 Bg4 8. Be2 a6 9. a4 Bg7 10.
Bg5 h6 11. Bh4 O-O 12. Nd2 Bxe2 13. Qxe2 Re8 14. O-O Nbd7 15. h3 Qc7 16. Bg3 Nh5 17. Bh2 f5 18. Nc4 Ne5 19. exf5 Nxc4 20. Qxc4 gxf5 21. Rfe1 Rf8 22. Re6 f4 23. Rae1 Rad8 24. Qe4 Rd7 25. Qg6 Nf6 26. Bxf4 h5 27. Bg5 1-0

[Event "Early-Titled-Tuesday-Blitz-February-13-2024"]
[Site "Chess.com"]
[Date "2024.02.13"]
[Round "9"]
[White "BeardedNM"]
[Black "stratacticos"]
[Result "0-1"]
[WhiteElo "2174"]
[BlackElo "1968"]
[TimeControl "180+1"]
[EndTime "9:47:21 PST"]
[Termination "stratacticos won by checkmate"]

1. e4 c5 2. Nf3 Nc6 3. d4 cxd4 4.
Nxd4 Nf6 5. Nc3 e5 6. Ndb5 d6 7. Bg5 a6 8. Bxf6 gxf6 9. Na3 b5 10. Nd5 Bg7 11. Bd3 Na5 12. O-O Be6 13. Qh5 O-O 14.
f4 Rc8 15. Rf3 b4 16. Rg3 Kh8 17. Nb1 Nc4 18. f5 Bxd5 19. exd5 Qb6+ 20. Kh1 Qf2 21. Qd1 Nxb2 22. Qc1 Nxd3 23. Rxd3 Bh6 24. Qd1 Rxc2 25.
Rg3 Rg8 26. Rxg8+ Kxg8 27. Qg4+ Bg5 28. h4 Rc1+ 29. Kh2 Qg1+ 30. Kg3 Qe1+ 31. Kh3 Qe3+ 32.
g3 Rh1+ 33. Kg2 Rg1+ 34. Kh3 h5 35. Qxh5 Qxg3# 0-1

[Event "Early-Titled-Tuesday-Blitz-February-13-2024"]
[Site "Chess.com"]
[Date "2024.02.13"]
[Round "9"]
[White "McCarthyStone"]
[Black "Klavdia_Nik"]
[Result "1-0"]
[WhiteElo "2364"]
[BlackElo "2117"]
[TimeControl "180+1"]
[EndTime "9:47:24 PST"]
[Termination "McCarthyStone won by resignation"]

1. Nf3 Nf6 2. d4 c5 3. c3 b6 4. d5 g6 5. c4 b5 6. cxb5 a6 7. bxa6 Bxa6 8. g3 Bg7 9. Nc3 O-O 10. e4 d6 11. Bxa6 Nxa6 12. Kf1 Qa5 13. Kg2 Rfb8 14. a4 Nb4 15. Qe2 Nd7 16. h4 h5 17. Bg5 Kf8 18.
Nb5 Rb7 19. Nd2 Na6 20. Nc4 Qd8 21. Ncxd6 Rbb8 22. Nc4 f6 23. Bf4 Rb7 24. e5 Nb4 25. d6 exd6 26. e6 Ne5 27. Ncxd6 Re7 28. Rhd1 Qb6 29. Bxe5 fxe5 30. Qf3+ 1-0

[Event "Early-Titled-Tuesday-Blitz-February-13-2024"]
[Site "Chess.com"]
[Date "2024.02.13"]
[Round "9"]
[White "UnTucopalaTimba"]
[Black "saraswathii"]
[Result "0-1"]
[WhiteElo "1993"]
[BlackElo "2382"]
[TimeControl "180+1"]
[EndTime "9:47:26 PST"]
[Termination "saraswathii won by resignation"]

1. e4 c5 2. Nf3 e6 3. d4 cxd4 4. Nxd4 Nf6 5. e5 Qa5+ 6. Nc3 Qxe5+ 7. Be2 Bb4 8. O-O Nc6 9. Nf3 Qb8 10. Bd2 d5 11. a3 Bd6 12. Nb5 Bf4 13. Bc3 Ne4 14. Nbd4 Nxc3 15. bxc3 O-O 16. Nxc6 bxc6 17. Qd4 e5 18.
Qa4 Qc7 19. g3 Bh6 20. c4 e4 21. Nd4 Bd7 22. c5 Bg5 23. c4 Rac8 24. Rad1 Bh3 25. Rfe1 Rfd8 26. Qc2 Qa5 27. cxd5 cxd5 28. c6 Bf6 29.
Nb5 a6 30. c7 Rd7 31. Qc6 axb5 32. Bxb5 Rcxc7 33. Rc1 Rxc6 34. Bxc6 Rc7 0-1

[Event "Early-Titled-Tuesday-Blitz-February-13-2024"]
[Site "Chess.com"]
[Date "2024.02.13"]
[Round "9"]
[White "Vigg-Sama"]
[Black "Nellichka"]
[Result "0-1"]
[WhiteElo "2241"]
[BlackElo "2085"]
[TimeControl "180+1"]
[EndTime "9:47:28 PST"]
[Termination "Nellichka won by resignation"]

1. d4 Nf6 2. c4 c5 3. d5 b5 4. cxb5 a6 5. bxa6 g6 6. g3 Bg7 7. Nc3 Bxa6 8. e4 Bxf1 9. Kxf1 d6 10. Nf3 O-O 11. Kg2 Qa5 12. a4 Nbd7 13. Bd2 Qb4 14. Qc2 Rfb8 15. Rhb1 c4 16. Nb5 Qb3 17. Qxb3 cxb3 18. Nc3 Rb4 19. Re1 Nc5 20. a5 Nd3 21.
Re2 Nxb2 22. a6 Nc4 23. Be1 b2 24. Rb1 Nd7 25. Nd1 Rb3 26. Nd2 Nxd2 27. Rxd2 Rxa6 28. Rc2 Nc5 29. Bc3 Bxc3 30. Nxc3 Nd3 31. Nd1 Ne1+ 0-1

[Event "Early-Titled-Tuesday-Blitz-February-13-2024"]
[Site "Chess.com"]
[Date "2024.02.13"]
[Round "9"]
[White "IMRosen"]
[Black "treadstone_71"]
[Result "1-0"]
[WhiteElo "2655"]
[BlackElo "2318"]
[TimeControl "180+1"]
[EndTime "9:47:35 PST"]
[Termination "IMRosen won on time"]

1. e4 c5 2. Nc3 Nc6 3. Bb5 g6 4. Bxc6 bxc6 5. d3 Bg7 6. f4 d6 7. Nf3 e6 8. O-O Ne7 9. Qe1 O-O 10. Qh4 Ba6 11. Rb1 Nc8 12. Qh3 Rb8 13. Bd2 c4 14. d4 c5 15. dxc5 dxc5 16. Be3 Qa5 17. e5 Bb7 18. Bd2 Rd8 19. Nd5 Qb5 20. Nf6+ Bxf6 21. exf6 Qe8 22. Be3 Nd6 23. Bxc5 Ne4 24.
Be7 Rd2 25. Qh6 1-0

[Event "Early-Titled-Tuesday-Blitz-February-13-2024"]
[Site "Chess.com"]
[Date "2024.02.13"]
[Round "9"]
[White "David_George21"]
[Black "yuriydovzik"]
[Result "1-0"]
[WhiteElo "2260"]
[BlackElo "2109"]
[TimeControl "180+1"]
[EndTime "9:47:37 PST"]
[Termination "David_George21 won on time"]

1. e4 b6 2. d4 Bb7 3. Bd3 Nf6 4.
Nc3 e6 5. Nge2 d5 6. e5 Nfd7 7. O-O c5 8. Bb5 a6 9. Bxd7+ Nxd7 10.
f4 g6 11. Be3 Bg7 12. g4 O-O 13. f5 cxd4 14. Nxd4 Bxe5 15. fxe6 Qh4 16. Qe2 fxe6 17. Nxe6 Rxf1+ 18. Rxf1 Re8 19. Bg5 Bxh2+ 20. Qxh2 Qxh2+ 21. Kxh2 Rxe6 22. Rf2 d4 23. Ne2 Ne5 24. Kg3 d3 25.
Nf4 Re8 26. cxd3 Nf7 27. Bf6 1-0

[Event "Early-Titled-Tuesday-Blitz-February-13-2024"]
[Site "Chess.com"]
[Date "2024.02.13"]
[Round "9"]
[White "LileKoridze"]
[Black "dealshark"]
[Result "0-1"]
[WhiteElo "2410"]
[BlackElo "2357"]
[TimeControl "180+1"]
[EndTime "9:47:39 PST"]
[Termination "dealshark won by resignation"]

1. d4 Nf6 2. c4 e6 3. Nf3 d5 4. g3 Be7 5. Bg2 O-O 6. O-O c6 7. Qc2 Nbd7 8. Rd1 Ne4 9. b3 b6 10. Bb2 Bb7 11. Nfd2 Nxd2 12. Nxd2 Rc8 13. e4 dxe4 14.
Nxe4 Nf6 15. a3 Qc7 16. b4 Rfd8 17. c5 Nd5 18. Rac1 Qd7 19. Nd2 Bf6 20. Nc4 Ba6 21.
Nd6 Rc7 22. Qb3 Be7 23. Nc4 Bxc4 24. Qxc4 b5 25. Qb3 Bf6 26. Re1 Ra8 27. Ra1 a5 28. Bc3 Nxc3 29. Qxc3 Bxd4 30. Qf3 Bxa1 31. Rxa1 Rd8 32.
h3 Qc8 33. Qf4 Rcd7 34. Kh2 Rd1 35. Ra2 a4 36. Qf3 R1d2 37. Rxd2 Rxd2 38. Qxc6 Qxc6 39. Bxc6 Rxf2+ 40. Kg1 Ra2 41. Bxb5 Rxa3 42. c6 Ra1+ 43. Kg2 a3 44. c7 Rc1 45. Ba4 Rxc7 46. Bb3 0-1

[Event "Early-Titled-Tuesday-Blitz-February-13-2024"]
[Site "Chess.com"]
[Date "2024.02.13"]
[Round "9"]
[White "PedroGil25"]
[Black "aghasiyevkamal"]
[Result "0-1"]
[WhiteElo "2441"]
[BlackElo "2628"]
[TimeControl "180+1"]
[EndTime "9:47:44 PST"]
[Termination "aghasiyevkamal won by checkmate"]

1. e4 e5 2. Nf3 Nc6 3. Nc3 Nf6 4. Bb5 Nd4 5. Bc4 Bc5 6. d3 d6 7.
Nxd4 Bxd4 8. h3 c6 9. Bb3 O-O 10. O-O h6 11. Ne2 Bb6 12. Ng3 a5 13. a4 Be6 14. Bxe6 fxe6 15. c3 Qe8 16. Qb3 Bc5 17. Be3 b6 18. d4 exd4 19. cxd4 Bb4 20. f4 d5 21. e5 Nh5 22. Nxh5 Qxh5 23. Qc2 c5 24. Qf2 cxd4 25. Bxd4 Rac8 26. Rac1 Qf5 27. Qe3 Rxc1 28. Qxc1 Qd3 29. Qe3 Qc2 30. Bxb6 Qxb2 31. Bd4 Qc2 32. Rc1 Qxa4 33. Rc7 Qd1+ 34. Kh2 Bd2 35. Qf2 Bxf4+ 36. g3 Bxe5 37. Rxg7+ Bxg7 38. Be5 Rxf2# 0-1

[Event "Early-Titled-Tuesday-Blitz-February-13-2024"]
[Site "Chess.com"]
[Date "2024.02.13"]
[Round "9"]
[White "Hilary46"]
[Black "Helenita13"]
[Result "1-0"]
[WhiteElo "2621"]
[BlackElo "2337"]
[TimeControl "180+1"]
[EndTime "9:47:45 PST"]
[Termination "Hilary46 won by resignation"]

1. Nf3 Nf6 2. c4 e6 3. d4 Bb4+ 4.
Bd2 a5 5. a3 Bxd2+ 6. Qxd2 O-O 7. Nc3 d6 8. e4 Qe7 9. Bd3 e5 10.
d5 Bg4 11. Be2 Na6 12. O-O Nc5 13. Qe3 a4 14. h3 Bxf3 15. Bxf3 Nfd7 16. Bd1 g6 17.
Bc2 Nf6 18. Rae1 Nh5 19. g3 Qd7 20. Kg2 Ng7 21. f4 f6 22. f5 g5 23. Rh1 h6 24.
Qe2 Kf7 25. h4 Rh8 26. hxg5 hxg5 27. Rxh8 Rxh8 28. Qd1 Qd8 29. Bxa4 Nxa4 30. Qxa4 Ke7 31. Qa7 b6 32. Nb5 Ne8 33. Rh1 Rxh1 34. Kxh1 Kd7 35.
Kg2 g4 36. Qb7 Qc8 37. Qxc8+ Kxc8 38. Nc3 c6 39. Nd1 Nc7 40. Ne3 Na6 41. Nxg4 Nc5 42.
Nxf6 1-0

[Event "Early-Titled-Tuesday-Blitz-February-13-2024"]
[Site "Chess.com"]
[Date "2024.02.13"]
[Round "9"]
[White "andrzej"]
[Black "manitodeplomo"]
[Result "1-0"]
[WhiteElo "2517"]
[BlackElo "2645"]
[TimeControl "180+1"]
[EndTime "9:47:46 PST"]
[Termination "andrzej won by resignation"]

1. e4 c5 2. Nf3 e6 3. d4 cxd4 4. Nxd4 a6 5. c4 Nf6 6. Nc3 Qc7 7. a3 b6 8. Bd3 Nc6 9. Nf3 Bb7 10. Qe2 d6 11.
O-O Ne5 12. Nxe5 dxe5 13. b4 Be7 14. Be3 O-O 15. Rac1 Rfd8 16. Na4 Nd7 17. Rfd1 h6 18. f3 Bg5 19. Bxg5 hxg5 20. Qe3 f6 21. Bf1 Bc6 22.
Nc3 Bb7 23. g3 Kf7 24. Na4 Bc6 25. Nc3 Bb7 26. Na4 Bc6 27. b5 Bb7 28. Rxd7+ Qxd7 29. Nxb6 Qd4 30. Qxd4 exd4 31. Nxa8 Rxa8 32. b6 f5 33.
exf5 exf5 34. Kf2 Rc8 35. c5 Ke6 36. a4 Kd5 37. Bc4+ Kxc5 38. Be6+ Kxb6 39. Bxc8 Bd5 40. Bxf5 1-0

[Event "Early-Titled-Tuesday-Blitz-February-13-2024"]
[Site "Chess.com"]
[Date "2024.02.13"]
[Round "9"]
[White "arnash_bauyrzhan"]
[Black "Gzucaritas"]
[Result "1-0"]
[WhiteElo "2249"]
[BlackElo "2045"]
[TimeControl "180+1"]
[EndTime "9:47:48 PST"]
[Termination "arnash_bauyrzhan won by resignation"]

1. e4 e6 2. d4 d5 3. Nd2 Nf6 4. e5 Nfd7 5. Bd3 c5 6. c3 Nc6 7. Ne2 f6 8. exf6 Nxf6 9. O-O Bd6 10. Nf3 O-O 11. Bf4 cxd4 12. cxd4 Bxf4 13. Nxf4 Bd7 14. Rc1 Ng4 15. Nh3 e5 16. dxe5 Ncxe5 17. Nxe5 Nxe5 18. Bxh7+ Kxh7 19. Qh5+ Kg8 20. Qxe5 Bxh3 21. gxh3 Rf5 22. Qxf5 Qh4 23. Qxd5+ Kh8 24. Rc4 Qxh3 25. Qg5 Kg8 26.
Rh4 Qf3 27. Rg4 Qf7 28. Re1 Rf8 29. f4 Rc8 30. Re7 Rc1+ 31. Kg2 Qd5+ 32. Qxd5+ 1-0

[Event "Early-Titled-Tuesday-Blitz-February-13-2024"]
[Site "Chess.com"]
[Date "2024.02.13"]
[Round "9"]
[White "PavelShkapenko"]
[Black "Dinosaurio_1975"]
[Result "1-0"]
[WhiteElo "2753"]
[BlackElo "2591"]
[TimeControl "180+1"]
[EndTime "9:47:49 PST"]
[Termination "PavelShkapenko won by resignation"]

1. e4 c6 2. d4 d5 3. e5 Bf5 4. h4 h5 5. Bd3 Bxd3 6. Qxd3 Qa5+ 7.
Nd2 e6 8. Ne2 Nh6 9. O-O Nf5 10.
Nf3 Nd7 11. Ng3 g6 12. Nxf5 gxf5 13. Bg5 Qb5 14. Qd2 c5 15. b3 Rc8 16. c4 dxc4 17. d5 Nb6 18. dxe6 fxe6 19. Bf6 Rg8 20.
Ng5 Qc6 21. Qe2 Nd5 22. Qxh5+ Kd7 23. Qf7+ Be7 24. Bxe7 Nxe7 25. Rfd1+ Kc7 26. Qxe7+ Kb8 27. bxc4 Qa4 28. Qxe6 Rge8 29. Qd5 Rcd8 30. Qxd8+ Rxd8 31. Rxd8+ Kc7 32. Rad1 Qxc4 33. e6 Qe2 34. R8d7+ Kb6 35. Rb1+ Kc6 36. Rdxb7 c4 37. R7b2 Qe5 38. Rc2 Qf4 39.
Rbc1 Kd6 40. Rxc4 Qe5 41. Nf7+ 1-0

[Event "Early-Titled-Tuesday-Blitz-February-13-2024"]
[Site "Chess.com"]
[Date "2024.02.13"]
[Round "9"]
[White "DvaHrasta"]
[Black "Harry_Rakkel"]
[Result "0-1"]
[WhiteElo "2496"]
[BlackElo "2677"]
[TimeControl "180+1"]
[EndTime "9:47:49 PST"]
[Termination "Harry_Rakkel won on time"]

1. c4 e5 2. g3 Nc6 3. Bg2 g6 4.
Nc3 Bg7 5. Nf3 d6 6. O-O f5 7. d3 h6 8. Rb1 Nf6 9. b4 Ne7 10. e4 O-O 11. a4 f4 12. gxf4 exf4 13. Nd5 Nfxd5 14. cxd5 g5 15. h3 Ng6 16. Bb2 Bxb2 17.
Rxb2 g4 18. hxg4 Bxg4 19. Qc1 Rf7 20. d4 Rg7 21. Nh2 Bd7 22. Kh1 Qf6 23. e5 dxe5 24. dxe5 Qxe5 25. Re1 Qf6 26. Bf3 Nh4 27. Rg1 Rxg1+ 28.
Qxg1+ Kh8 29. Re2 Rg8 30. Qe1 Nxf3 31. Nxf3 Bg4 32. Nh2 Bxe2 33. Qxe2 Qa1+ 34. Nf1 f3 35. Qd3 Rg5 36. Qc4 Qe5 37. Ng3 Qe1+ 0-1

[Event "Early-Titled-Tuesday-Blitz-February-13-2024"]
[Site "Chess.com"]
[Date "2024.02.13"]
[Round "9"]
[White "karinachess1"]
[Black "ccccvhhhj"]
[Result "1-0"]
[WhiteElo "2664"]
[BlackElo "2490"]
[TimeControl "180+1"]
[EndTime "9:47:52 PST"]
[Termination "karinachess1 won on time"]

1. d4 e5 2. dxe5 d6 3. Nf3 Bg4 4. e3 Nc6 5. Bb5 Qd7 6. h3 Bh5 7. O-O O-O-O 8. Qd5 Nge7 9. Bxc6 bxc6 10. Qe4 d5 11. Qf4 Ng6 12. Qg3 Bxf3 13. Qxf3 Nxe5 14. Qf4 Bd6 15. Nd2 g5 16. Qa4 Qf5 17. Nb3 g4 18.
Qa6+ Kd7 19. Nd4 Qg6 20. h4 g3 21. f4 Bc5 22. fxe5 Bxd4 23. exd4 Qg4 24. Bg5 Qxd4+ 25. Kh1 1-0

[Event "Early-Titled-Tuesday-Blitz-February-13-2024"]
[Site "Chess.com"]
[Date "2024.02.13"]
[Round "9"]
[White "Qingdom"]
[Black "UK_23"]
[Result "0-1"]
[WhiteElo "2174"]
[BlackElo "2365"]
[TimeControl "180+1"]
[EndTime "9:47:52 PST"]
[Termination "UK_23 won by checkmate"]

1. d4 d5 2. c4 e6 3. Nc3 Nf6 4. cxd5 exd5 5. Bg5 Be7 6. e3 O-O 7. Bd3 Re8 8. Nge2 c6 9. O-O h6 10. Bxf6 Bxf6 11. Qc2 Nd7 12. Rab1 a5 13. a3 b5 14.
Rfc1 Nb6 15. a4 b4 16. Na2 Bd7 17. b3 Be7 18. Bf5 Rc8 19. Rd1 Bd6 20. Bxd7 Qxd7 21. Nac1 Qg4 22. Nd3 Nd7 23. Rbc1 Nf6 24. Ng3 g6 25.
Nc5 h5 26. Nb7 Bc7 27. Qe2 Qg5 28. Qf3 h4 29. Nf1 Ne4 30. Kh1 Re6 31. Qe2 Re5 32.
dxe5 Qxe5 33. f4 Qf5 34. Rxc6 Nc3 35. Rxc3 bxc3 36. Qd3 Qg4 37. Rc1 h3 38. gxh3 Qf3+ 39. Kg1 Bb6 40. Rxc3 Rxc3 41. Qxc3 d4 42. Qc8+ Kg7 43.
Nd6 dxe3 44. Ne8+ Kh6 45. Qg4 e2+ 46. Ne3 Bxe3# 0-1

[Event "Early-Titled-Tuesday-Blitz-February-13-2024"]
[Site "Chess.com"]
[Date "2024.02.13"]
[Round "9"]
[White "Tolyanius"]
[Black "Agibileg"]
[Result "0-1"]
[WhiteElo "2522"]
[BlackElo "2725"]
[TimeControl "180+1"]
[EndTime "9:47:53 PST"]
[Termination "Agibileg won on time"]

1. e4 e5 2. Nf3 Nc6 3. Bc4 Nf6 4. d3 h6 5. c3 d6 6. Nbd2 g6 7. a4 Bg7 8. a5 a6 9. h3 O-O 10. Qb3 Rb8 11. g4 b5 12. axb6 Rxb6 13. Qa2 a5 14. g5 Nh5 15. Rg1 Nf4 16. gxh6 Bxh6 17. Nf1 Kg7 18. h4 Ba6 19. Bxa6 Rxa6 20. Qc4 Rb6 21. Ng3 Kh7 22. Be3 Rxb2 23. h5 d5 24. hxg6+ fxg6 25. exd5 Qxd5 26. Qxd5 Nxd5 27. Bxh6 Kxh6 28.
Rh1+ Kg7 29. Ng5 Rfxf2 30. N5e4 Rg2 31. Rf1 Nf4 32. Rf3 Rg1+ 33. Nf1 Ng2+ 34. Kd1 Nf4 35.
Ke1 Ne7 36. Nd2 Ned5 37. Kf2 Rg2+ 38. Ke1 Nxc3 39. Ng3 Rbxd2 0-1

[Event "Early-Titled-Tuesday-Blitz-February-13-2024"]
[Site "Chess.com"]
[Date "2024.02.13"]
[Round "9"]
[White "GOGIEFF"]
[Black "kleinebeer98"]
[Result "1-0"]
[WhiteElo "3033"]
[BlackElo "2869"]
[TimeControl "180+1"]
[EndTime "9:47:54 PST"]
[Termination "GOGIEFF won on time"]

1. c4 e5 2. d3 Nf6 3. Nf3 Nc6 4.
a3 d5 5. cxd5 Nxd5 6. e3 Be7 7.
Be2 g5 8. b4 g4 9. Nfd2 h5 10. Bb2 a6 11. Nc3 Nxc3 12. Bxc3 Be6 13. O-O Qd5 14. Rb1 O-O-O 15. a4 f5 16. b5 axb5 17.
Rxb5 Qd7 18. Qb1 b6 19. a5 Bc5 20. d4 exd4 21. Rxc5 dxc3 22. Rxc3 Qxd2 23. Rxc6 Bd5 24. Qxf5+ Kb8 25. Rc2 Qxa5 26. Rfc1 Rc8 27. Rc5 bxc5 28.
Qxd5 c6 29. Qe5+ Kb7 30. Rb1+ Ka7 31. Ra1 1-0

[Event "Early-Titled-Tuesday-Blitz-February-13-2024"]
[Site "Chess.com"]
[Date "2024.02.13"]
[Round "9"]
[White "Aslanov_Umid"]
[Black "SouS007"]
[Result "1-0"]
[WhiteElo "2675"]
[BlackElo "2495"]
[TimeControl "180+1"]
[EndTime "9:47:55 PST"]
[Termination "Aslanov_Umid won by resignation"]

1. e4 e6 2. d4 d5 3. Nd2 dxe4 4. Nxe4 Bd7 5. Nf3 Bc6 6. Bd3 Nd7 7. O-O Ngf6 8. Ned2 Be7 9. Re1 O-O 10. c4 b6 11.
Qe2 Bb7 12. b3 c5 13. Bb2 cxd4 14. Nxd4 Nc5 15. Bc2 Qc7 16. Rad1 Rad8 17. N2f3 Be4 18. b4 Bxc2 19. Qxc2 Ncd7 20. a3 Rc8 21. Rc1 Qb7 22.
Nf5 Bxb4 23. Nh6+ gxh6 24. axb4 b5 25. Qd2 bxc4 26. Qxh6 c3 27. Bxc3 Rxc3 28. Rxc3 Qxb4 29. Rd3 Qc5 30. h4 Rd8 31. Ng5 Qxf2+ 32. Kxf2 Ng4+ 33. Kg1 Nxh6 34. Red1 f6 35. Nh3 1-0

[Event "Early-Titled-Tuesday-Blitz-February-13-2024"]
[Site "Chess.com"]
[Date "2024.02.13"]
[Round "9"]
[White "bylavochka"]
[Black "LeoLV10"]
[Result "0-1"]
[WhiteElo "2318"]
[BlackElo "2520"]
[TimeControl "180+1"]
[EndTime "9:47:55 PST"]
[Termination "LeoLV10 won on time"]

1. e4 c6 2. d4 d5 3. Nc3 dxe4 4.
Nxe4 Nf6 5. Nxf6+ exf6 6. Nf3 Bd6 7. Be2 O-O 8. O-O Re8 9. h3 Nd7 10. c3 Nf8 11. Re1 Bf5 12. Qb3 Qd7 13. Bd2 Rad8 14. Bc4 b5 15. Bf1 Bb8 16. g3 Bxh3 17. Rxe8 Rxe8 18.
Re1 Bxf1 19. Rxe8 Qxe8 20. Kxf1 Qe4 21. Qd1 h5 22. Kg1 Ne6 23. Nh4 g6 24. Qe1 Qd5 25.
b3 Kg7 26. Qe3 Ng5 27. Qe8 Bc7 28. Bxg5 fxg5 29. Ng2 a5 30. Qe7 Bd6 31. Qd8 a4 32.
Ne3 Qe6 33. Qxg5 Be7 34. d5 Bxg5 35. dxe6 fxe6 36. f4 Bf6 37. bxa4 bxa4 0-1

[Event "Early-Titled-Tuesday-Blitz-February-13-2024"]
[Site "Chess.com"]
[Date "2024.02.13"]
[Round "9"]
[White "JeFumeDesClopes"]
[Black "ValentinDragnev"]
[Result "0-1"]
[WhiteElo "2605"]
[BlackElo "2757"]
[TimeControl "180+1"]
[EndTime "9:47:57 PST"]
[Termination "ValentinDragnev won by checkmate"]

1. Nf3 c5 2. c4 Nf6 3. d4 cxd4 4. Nxd4 b6 5. f3 Bb7 6. e4 e6 7. Nc3 Nc6 8. Be3 Bc5 9. Qd2 Qe7 10. Be2 O-O 11. O-O d5 12. Nxc6 Bxc6 13. e5 Ne4 14. fxe4 d4 15. Bxd4 Rad8 16. Nd5 exd5 17. exd5 Bxd5 18.
cxd5 Rxd5 19. Rf4 Bxd4+ 20. Kh1 Qxe5 21. Rd1 Rfd8 22. Bc4 R5d7 23. Rdf1 Rf8 24. Rd1 Bxb2 25. Qxd7 Qxf4 26. Bb3 Be5 27. Qh3 g6 28. Qf3 Qxh2# 0-1

[Event "Early-Titled-Tuesday-Blitz-February-13-2024"]
[Site "Chess.com"]
[Date "2024.02.13"]
[Round "9"]
[White "marsofsilva"]
[Black "Barbix1"]
[Result "0-1"]
[WhiteElo "2116"]
[BlackElo "2290"]
[TimeControl "180+1"]
[EndTime "9:47:57 PST"]
[Termination "Barbix1 won on time"]

1. e4 c5 2. Nf3 g6 3. d4 cxd4 4.
Nxd4 Nc6 5. c4 Nf6 6. Nc3 Nxd4 7. Qxd4 d6 8. Be3 Bg7 9. f3 O-O 10. Qd2 a5 11. Bd4 a4 12. Be2 Qa5 13. Rd1 Be6 14. O-O Rfc8 15. Nd5 Qxd2 16. Rxd2 Bxd5 17. exd5 Nd7 18. Re1 Bxd4+ 19. Rxd4 Kf8 20. f4 Rc7 21. Bg4 Nb6 22. Rde4 Ra5 23. h4 Nxc4 24. Rc1 Rac5 25.
b3 axb3 26. axb3 Nd2 27. Rxc5 Rxc5 28. Rb4 Rxd5 0-1

[Event "Early-Titled-Tuesday-Blitz-February-13-2024"]
[Site "Chess.com"]
[Date "2024.02.13"]
[Round "9"]
[White "SlavenPastar"]
[Black "GrumbleBruno"]
[Result "1-0"]
[WhiteElo "2608"]
[BlackElo "2463"]
[TimeControl "180+1"]
[EndTime "9:47:59 PST"]
[Termination "SlavenPastar won on time"]

1. b3 e5 2. Bb2 Nc6 3. Nf3 e4 4. Nd4 Nxd4 5. Bxd4 Nf6 6. e3 Be7 7. c4 O-O 8. Nc3 c6 9. Qc2 d5 10. cxd5 cxd5 11. Rc1 Be6 12. Be2 Rc8 13. O-O Qa5 14. d3 Ba3 15. Rb1 Bb4 16. Rfc1 Ba3 17. b4 Bxb4 18.
Qb3 Bxc3 19. Bxc3 Qd8 20. Qxb7 exd3 21. Bxd3 Ne4 22. Bd4 Nd2 23. Ra1 Nc4 24. Qxa7 Ra8 25. Qc5 Qd7 26. Qb4 Rfb8 27. Qc3 f6 28. e4 1-0

[Event "Early-Titled-Tuesday-Blitz-February-13-2024"]
[Site "Chess.com"]
[Date "2024.02.13"]
[Round "9"]
[White "PushingpawnsNYC"]
[Black "HalfIsCrayfish"]
[Result "1-0"]
[WhiteElo "2341"]
[BlackElo "2535"]
[TimeControl "180+1"]
[EndTime "9:47:59 PST"]
[Termination "PushingpawnsNYC won by checkmate"]

1. e4 c5 2. Nc3 Nc6 3. Bb5 Nd4 4. Nf3 Nxb5 5. Nxb5 d5 6. exd5 Nf6 7. d4 cxd4 8. Qxd4 g6 9. O-O Bg7 10. Bf4 O-O 11.
Nc3 Bf5 12. Be5 Bxc2 13. Rac1 Bf5 14. Rfd1 Ne8 15. h3 Rc8 16. Bxg7 Nxg7 17. Qxa7 Qd6 18. Rd4 b6 19. Re1 Rc7 20. Qa6 Bd7 21. Qe2 Nf5 22. Rdd1 Re8 23. g4 Ng7 24. Qe3 Qb4 25. Qh6 Qxb2 26.
Ng5 e6 27. d6 Nf5 28. Qxh7+ Kf8 29. Qxf7# 1-0

[Event "Early-Titled-Tuesday-Blitz-February-13-2024"]
[Site "Chess.com"]
[Date "2024.02.13"]
[Round "9"]
[White "RaugintaBulba"]
[Black "sharkarton"]
[Result "0-1"]
[WhiteElo "2425"]
[BlackElo "2533"]
[TimeControl "180+1"]
[EndTime "9:48:01 PST"]
[Termination "sharkarton won on time"]

1. e4 c5 2. c3 d5 3. e5 Nc6 4. Nf3 Bg4 5. d4 e6 6. Be2 Qb6 7. Be3 Qxb2 8. Nbd2 Qxc3 9. Rc1 Qb4 10. Rb1 Qa3 11. Rxb7 cxd4 12. Bb5 Rc8 13. Qc2 Qc5 14. Qxc5 Bxc5 15. Bxd4 Bb4 16. O-O Ne7 17. Rc1 O-O 18. Bxc6 Rxc6 19. Rxc6 Nxc6 20. Bxa7 Ra8 21. Rb6 Bxd2 22.
Nxd2 Nxa7 23. a4 Nc8 24. Rc6 Kf8 25. Nb3 Ke7 26. Nc5 Be2 27. Rc7+ Ke8 0-1

[Event "Early-Titled-Tuesday-Blitz-February-13-2024"]
[Site "Chess.com"]
[Date "2024.02.13"]
[Round "9"]
[White "Schattman"]
[Black "sergeikim"]
[Result "1-0"]
[WhiteElo "2429"]
[BlackElo "2608"]
[TimeControl "180+1"]
[EndTime "9:48:03 PST"]
[Termination "Schattman won on time"]

1. f4 d5 2. Nf3 c5 3. g3 Nc6 4. Bg2 g6 5. O-O Bg7 6. d3 Nf6 7. Ne5 Bd7 8. Nxd7 Qxd7 9. c3 O-O 10. h3 d4 11. c4 Rae8 12. a3 e5 13. fxe5 Nxe5 14. b4 b6 15. Nd2 Qc7 16. Ne4 Nxe4 17. Bxe4 f5 18. Bd5+ Kh8 19. Bf4 Qe7 20. Qd2 Nf7 21.
Bxf7 Rxf7 22. Rae1 Qd7 23. bxc5 bxc5 24. Qa5 Rfe7 25. Qxc5 Rxe2 26. Rxe2 Rxe2 27. Rb1 Re8 28. Qd5 Qe7 29. c5 Qe2 30. Qd7 Rg8 31. c6 Qxd3 32.
Rf1 g5 33. Bd6 f4 34. gxf4 Qg3+ 35. Kh1 Qd3 36. Rg1 Qf3+ 37. Kh2 g4 38. Rxg4 d3 39. c7 Qf2+ 40. Rg2 1-0